Map: Romanticide LE

Players

PattyMac

  • Race: Protoss Protoss
  • League: Grandmaster

DisK - Winner!

  • Race: Protoss Protoss

Event: DreamHack SC2 Masters 2021 Summer

VOD

Have the link to the VOD?

Description

Time

  • Played on: May 29, 2021, 4:18 p.m.
  • Length: 20:00

All games in this series

Show
View Real Time Build Order
Export as new Build Order

PattyMac Protoss 

Build Orders: Phoenix Opening, Blink Stalkers, Zealot Archon 

Get SALT Encoding   

  12  0:00  Probe  
  13  0:12  Probe  
  14  0:17  Pylon  
  14  0:24  Probe (Chrono Boost)  
  16  0:37  Probe (Chrono Boost)  
  16  0:38  Gateway  
  16  0:42  Probe (Chrono Boost)  
  16  0:45  Assimilator  
  17  0:51  Probe  
  17  0:54  Assimilator  
  18  1:03  Probe (Chrono Boost)  
  19  1:07  Gateway  
  19  1:13  Probe (Chrono Boost)  
  20  1:18  Probe (Chrono Boost)  
  20  1:25  Cybernetics Core  
  21  1:30  Probe  
  22  1:33  Pylon  
  22  1:42  Probe  
  23  1:54  Probe  
  24  2:01  Stalker x2  
  24  2:06  Probe  
  29  2:09  Warp Gate  
  29  2:11  Pylon  
  29  2:18  Probe  
  30  2:28  Twilight Council  
  30  2:35  Sentry  
  34  2:44  Stalker  
  34  2:47  Probe  
  34  3:10  Nexus  
  34  3:13  Pylon  
  34  3:14  Blink (Chrono Boost)  
  34  3:17  Probe  
  35  3:20  Phoenix  
  35  3:29  Probe  
  35  3:32  Shield Battery  
  36  3:39  Gateway  
  36  3:41  Probe (Chrono Boost)  
  37  3:51  Probe (Chrono Boost)  
  38  3:56  Probe (Chrono Boost)  
  38  3:58  Sentry  
  38  3:59  Sentry  
  43  4:08  Probe  
  44  4:13  Gateway, Phoenix  
  44  4:21  Probe (Chrono Boost)  
  44  4:23  Probe (Chrono Boost)  
  46  4:30  Stalker x2  
  52  4:32  Probe (Chrono Boost)  
  52  4:33  Probe (Chrono Boost)  
  52  4:37  Probe (Chrono Boost)  
  53  4:39  Probe (Chrono Boost)  
  53  4:42  Pylon, Stalker  
  56  4:47  Assimilator  
  56  4:48  Probe  
  57  4:54  Probe  
  57  4:56  Stalker x2  
  62  5:01  Probe  
  63  5:09  Probe  
  63  5:11  Nexus  
  64  5:16  Pylon  
  64  5:18  Charge  
  64  5:22  Probe x2  
  64  5:27  Forge  
  66  5:29  Phoenix  
  66  5:34  Probe  
  66  5:35  Probe  
  68  5:41  Robotics Facility  
  68  5:46  Probe  
  68  5:48  Probe  
  70  5:51  Protoss Ground Weapons Level 1 (Chrono Boost), Phoenix  
  70  5:58  Probe  
  70  5:59  Gateway  
  70  6:01  Probe  
  70  6:02  Gateway  
  70  6:03  Gateway  
  72  6:10  Gateway  
  72  6:11  Gateway  
  72  6:14  Probe x2  
  74  6:23  Photon Cannon  
  74  6:25  Zealot x2  
  78  6:26  Probe  
  78  6:27  Probe x2  
  78  6:29  Observer (Chrono Boost)  
  82  6:38  Probe  
  81  6:41  Zealot  
  81  6:42  Probe  
  81  6:43  Templar Archives  
  81  6:45  Warp Prism (Chrono Boost)  
  88  6:49  Probe  
  88  6:50  Probe  
  88  6:52  Pylon  
  88  6:54  Zealot x2  
  90  6:58  Pylon  
  92  7:08  Assimilator  
  92  7:10  Zealot x2  
  92  7:11  Zealot x2  
  92  7:12  Assimilator  
  100  7:16  Pylon  
  100  7:19  Probe x2  
  100  7:20  Photon Cannon  
  102  7:24  Photon Cannon  
  102  7:28  High Templar x3  
  108  7:33  Protoss Ground Weapons Level 2 (Chrono Boost)  
  108  7:36  High Templar, Pylon  
  110  7:37  Archon, Pylon  
  110  7:40  Archon  
  110  7:41  Zealot x2  
  114  7:50  Zealot  
  116  7:52  Probe  
  116  7:54  Probe x2  
  119  8:03  Pylon  
  119  8:05  Zealot x4  
  119  8:06  Zealot x2  
  129  8:15  Nexus  
  129  8:21  Probe  
  129  8:22  Probe  
  131  8:28  Immortal (Chrono Boost)  
  131  8:33  High Templar x3  
  141  8:38  Archon  
  141  8:39  Pylon  
  141  8:43  Robotics Facility  
  141  8:47  Robotics Bay  
  141  8:54  Photon Cannon  
  141  8:56  Pylon  
  141  8:58  High Templar, Immortal (Chrono Boost)  
  141  9:01  Gateway  
  141  9:02  Archon  
  147  9:04  Gateway  
  147  9:08  Probe x2  
  147  9:19  Pylon  
  147  9:20  Zealot  
  147  9:22  Nexus  
  149  9:25  Pylon  
  149  9:32  Observer (Chrono Boost)  
  149  9:33  Observer (Chrono Boost)  
  151  9:40  Stalker x5  
  151  9:42  Probe x3  
  151  9:45  Probe  
  165  9:49  Photon Cannon  
  165  9:50  Photon Cannon, Protoss Ground Weapons Level 3 (Chrono Boost)  
  165  9:52  Shield Battery  
  165  10:00  Disruptor  
  168  10:16  Disruptor  
  168  10:18  Probe x3  
  168  10:20  Gateway  
  174  10:23  Gateway, Zealot x4  
  182  10:35  Zealot x6  
  193  10:39  Disruptor  
  152  10:56  Zealot x9  
  124  11:05  Disruptor (Chrono Boost)  
  124  11:06  Observer  
  124  11:08  Observer, Stalker  
  129  11:14  Disruptor (Chrono Boost)  
  114  11:19  High Templar x3  
  114  11:20  High Templar, Zealot x6  
  114  11:21  Zealot  
  114  11:25  Archon x2  
  126  11:33  Stalker  
  128  11:46  Stalker x6  
  140  11:48  Assimilator  
  140  11:52  Observer, Assimilator  
  140  11:55  Zealot x4  
  140  12:00  Zealot x2  
  140  12:01  Disruptor  
  155  12:25  Disruptor  
  158  12:31  Zealot x2  
  158  12:32  Zealot x10  
  182  12:38  Assimilator  
  182  12:39  Protoss Shields Level 1 (Chrono Boost)  
  182  12:40  Assimilator  
  182  12:43  Photon Cannon  
  182  12:49  Immortal  
  180  13:01  Disruptor (Chrono Boost)  
  176  13:25  Warp Prism (Chrono Boost)  
  176  13:28  Stalker x8  
  194  13:34  Disruptor (Chrono Boost)  
  197  13:41  Pylon  
  197  13:46  Pylon  
  197  13:53  Disruptor  
  200  14:01  Nexus  
  151  14:13  Stalker x7  
  151  14:14  Stalker x5  
  150  14:21  Disruptor (Chrono Boost)  
  125  14:26  Disruptor (Chrono Boost)  
  125  14:29  Pylon  
  119  14:37  Zealot x10  
  119  14:38  Zealot x2  
  132  14:53  Disruptor (Chrono Boost)  
  123  15:01  Zealot x2  
  123  15:02  Zealot x10  
  116  15:22  Stalker x7  
  116  15:23  Stalker x5  
  140  15:44  Disruptor  
  140  15:47  Zealot x4  
  140  15:48  Zealot x8  
  146  15:51  Dark Shrine  
  134  16:02  Pylon  
  118  16:09  Stalker x6  
  97  16:25  Stalker x4  
  95  16:31  Observer  
  85  16:42  Robotics Facility  
  85  16:43  Stalker x4  
  91  16:54  Stalker x2  
  95  16:55  Zealot x2  
  99  17:06  Probe x3  
  102  17:08  Dark Templar  
  102  17:15  Zealot x4  
  102  17:28  Zealot x4  
  102  17:29  Zealot  
  97  17:35  Zealot x2  
  71  17:42  Dark Templar  
  65  17:55  Disruptor (Chrono Boost)  
  67  17:58  Observer (Chrono Boost)  
  67  18:01  Assimilator  
  67  18:07  Dark Templar  
  67  18:12  Zealot x2  
  72  18:20  Dark Templar  
  72  18:23  Zealot x4  
  74  18:35  Zealot, Stalker  
  74  18:37  Probe x2  
  76  18:50  Stalker x2  
  76  18:52  Shield Battery  
  78  18:57  Disruptor (Chrono Boost)  
  67  19:13  Stalker  
  67  19:14  Stalker  
  63  19:38  Stalker x3  
  64  19:52  Stalker  
Show
View Real Time Build Order
Export as new Build Order

DisK Protoss - Winner!

Build Orders:  

Get SALT Encoding   

  12  0:00  Probe  
  13  0:12  Probe  
  14  0:17  Pylon  
  14  0:24  Probe  
  15  0:35  Gateway  
  15  0:36  Probe (Chrono Boost)  
  16  0:46  Probe (Chrono Boost), Assimilator  
  17  0:51  Probe (Chrono Boost)  
  17  0:54  Assimilator  
  18  1:03  Probe (Chrono Boost)  
  19  1:10  Gateway  
  20  1:12  Probe (Chrono Boost)  
  20  1:17  Probe (Chrono Boost)  
  20  1:23  Cybernetics Core  
  21  1:29  Probe  
  22  1:34  Pylon  
  22  1:41  Probe  
  23  1:53  Probe  
  24  1:57  Warp Gate (Chrono Boost)  
  24  2:00  Stalker x2  
  28  2:10  Pylon  
  28  2:11  Probe  
  29  2:28  Pylon  
  29  2:30  Stalker x2  
  33  2:44  Robotics Facility  
  33  2:52  Shield Battery  
  33  2:55  Pylon  
  33  3:04  Sentry, Stalker  
  37  3:12  Pylon  
  36  3:23  Shield Battery  
  36  3:31  Immortal (Chrono Boost)  
  40  3:54  Nexus  
  40  3:57  Shield Battery  
  40  4:03  Observer  
  40  4:05  Probe  
  42  4:18  Probe (Chrono Boost)  
  42  4:21  Robotics Bay  
  43  4:30  Probe (Chrono Boost)  
  44  4:33  Forge  
  44  4:36  Probe (Chrono Boost)  
  45  4:44  Probe  
  46  4:49  Observer  
  46  4:51  Sentry  
  49  4:55  Twilight Council  
  49  4:56  Observer  
  49  4:57  Probe (Chrono Boost)  
  50  5:05  Observer, Protoss Ground Weapons Level 1 (Chrono Boost)  
  50  5:06  Probe (Chrono Boost)  
  52  5:14  Probe (Chrono Boost)  
  52  5:16  Probe (Chrono Boost)  
  52  5:21  Probe (Chrono Boost)  
  54  5:22  Probe (Chrono Boost)  
  54  5:25  Nexus  
  55  5:35  Observer  
  55  5:37  Probe (Chrono Boost), Blink (Chrono Boost)  
  55  5:38  Probe (Chrono Boost)  
  55  5:39  Pylon  
  56  5:43  Immortal  
  56  5:44  Probe  
  61  5:51  Probe  
  61  5:56  Probe  
  63  6:00  Nexus  
  63  6:05  Pylon  
  63  6:06  Probe  
  64  6:14  Probe  
  64  6:17  Assimilator  
  64  6:18  Probe  
  64  6:24  Observer  
  64  6:26  Gateway x2  
  64  6:27  Probe  
  64  6:30  Probe  
  66  6:36  Observer  
  66  6:38  Shield Battery  
  66  6:39  Probe  
  65  6:42  Probe  
  66  6:51  Probe (Chrono Boost)  
  66  6:53  Pylon  
  67  6:55  Stalker x2  
  67  6:56  Probe (Chrono Boost)  
  72  7:03  Probe (Chrono Boost)  
  72  7:08  Protoss Ground Weapons Level 2  
  73  7:11  Probe (Chrono Boost)  
  73  7:12  Probe (Chrono Boost)  
  74  7:16  Gateway  
  74  7:18  Probe, Gateway  
  74  7:19  Gateway  
  74  7:22  Pylon  
  75  7:25  Probe x2  
  77  7:30  Probe  
  77  7:31  Robotics Bay  
  77  7:34  Pylon  
  78  7:37  Probe x2  
  78  7:38  Sentry  
  78  7:39  Stalker x2  
  78  7:43  Stalker  
  88  7:50  Pylon  
  88  7:53  Probe x3  
  88  7:56  Assimilator  
  91  8:01  Shield Battery, Stalker  
  91  8:02  Stalker  
  91  8:03  Stalker  
  96  8:13  Shield Battery  
  96  8:14  Stalker  
  96  8:15  Shield Battery, Stalker  
  96  8:17  Stalker  
  102  8:21  Disruptor  
  105  8:28  Stalker  
  105  8:30  Stalker  
  108  8:34  Zealot x2  
  108  8:37  Shield Battery  
  112  8:41  Shield Battery  
  112  8:47  Stalker  
  112  8:48  Stalker x2  
  118  8:54  Gateway  
  118  8:56  Gateway, Disruptor (Chrono Boost)  
  121  9:03  Assimilator  
  121  9:06  Pylon  
  121  9:12  Pylon  
  121  9:16  Stalker x3  
  127  9:22  Assimilator  
  127  9:25  Zealot x3  
  127  9:29  Observer  
  134  9:36  Photon Cannon  
  134  9:43  Nexus  
  134  9:45  Pylon  
  128  9:46  Adept x2  
  128  9:49  Photon Cannon  
  132  9:54  Photon Cannon  
  132  9:55  Disruptor  
  135  10:05  Pylon  
  135  10:06  Robotics Facility  
  135  10:09  Protoss Ground Weapons Level 3 (Chrono Boost)  
  135  10:16  Probe x3  
  135  10:17  Pylon  
  137  10:26  Stalker x3  
  143  10:28  Stalker  
  145  10:36  Stalker x2  
  132  10:54  Stalker x5  
  127  11:13  Probe (Chrono Boost)  
  127  11:14  Probe x2 (Chrono Boost)  
  132  11:25  Probe (Chrono Boost)  
  132  11:26  Probe x2 (Chrono Boost)  
  132  11:31  Pylon  
  133  11:34  Probe x3 (Chrono Boost)  
  133  11:35  Pylon  
  136  11:42  Probe x3  
  139  11:47  Nexus  
  139  11:49  Disruptor  
  139  11:53  Pylon  
  142  12:02  Pylon  
  142  12:05  Photon Cannon, Shield Battery  
  137  12:20  Stalker x8  
  137  12:21  Disruptor (Chrono Boost)  
  156  12:25  Disruptor (Chrono Boost)  
  159  12:43  Dark Shrine  
  159  12:50  Photon Cannon  
  159  12:52  Disruptor (Chrono Boost)  
  159  12:54  Disruptor (Chrono Boost)  
  165  13:00  Pylon  
  165  13:01  Pylon  
  165  13:03  Pylon  
  165  13:12  Disruptor  
  165  13:25  Charge (Chrono Boost)  
  165  13:26  Disruptor, Zealot x4  
  165  13:27  Zealot x2  
  183  13:33  Nexus  
  183  13:38  Pylon  
  183  13:48  Pylon  
  181  13:55  Pylon, Nexus, Stalker x2  
  173  13:56  Stalker x3  
  158  14:13  Stalker x3  
  151  14:30  Stalker x4  
  159  14:34  Disruptor x2  
  165  14:39  Nexus  
  165  14:41  Pylon  
  145  15:10  Disruptor x2  
  145  15:23  Stalker  
  145  15:24  Stalker x6  
  159  15:46  Disruptor  
  128  16:07  Stalker x7  
  128  16:08  Disruptor  
  107  16:35  Stalker x6  
  107  16:36  Stalker  
  121  16:53  Disruptor x2 (Chrono Boost), Nexus  
  121  16:56  Pylon  
  127  17:02  Zealot x7  
  122  17:30  Stalker x7  
  122  17:33  Observer x2  
  107  17:54  Observer  
  108  18:00  Stalker x4  
  108  18:01  Photon Cannon  
  108  18:02  Observer  
  108  18:04  Stalker  
  119  18:16  Dark Templar  
  119  18:19  Stalker  
  123  18:21  Probe x4  
  125  18:39  Shield Battery  
  123  18:45  Stalker x6  
  123  18:46  Observer x2  
  137  18:49  Probe x2  
  137  18:50  Probe  
  138  19:12  Zealot x6  
  138  19:13  Zealot  
  147  19:27  Observer  
  147  19:36  Unknown, Pylon  
  147  19:43  Nexus  
Tags
 
Add a new tag
Caveats
  • Supply blocks, unpowered buildings, or Contaminate may cause inaccurate times.
  • Supply counts are checked every 10 seconds.